3AAA
FLORIDA MEN @ HIALEAH DODOS
08/08/2029
 
TOP OF THE 1ST
Florida Men batting - Pitching for Hialeah Dodos : RHP Stanley Eldrige
Pitching: RHP Stanley Eldrige
Batting: SHB Tim Fowler 0-0: Ball
1-0: Ball
2-0: Foul Ball, location: 2F
2-1: Ball
3-1: Foul Ball, location: 2F
3-2: Base on Balls
Batting: RHB Manny Maltby 0-0: Ball
1-0: Ball
2-0: Called Strike
2-1: Ball
3-1: Foul Ball, location: 2F
3-2: Ground out 4-3 (Groundball, 4)
Tim Fowler to second
Batting: RHB Pat Ings 0-0: Called Strike
0-1: Ground out 6-3 (Groundball, 6M)
Tim Fowler to third
Batting: SHB Spencer Landes 0-0: Called Strike
0-1: Fly out, F9 (Flyball, 9D)
Top of the 1st over - 0 runs, 0 hits, 0 errors, 1 left on base; Florida 0 - Hialeah 0
BOTTOM OF THE 1ST
Hialeah Dodos batting - Pitching for Florida Men : RHP Arturo Guerrero
Pitching: RHP Arturo Guerrero
Batting: RHB Jorge Salgado 0-0: Ball
1-0: Foul Ball, location: 2F
1-1: Ball
2-1: Ball
3-1: Called Strike
3-2: Base on Balls
Batting: SHB Javier Gonzáles 0-0: Called Strike
0-1: Swinging Strike
0-2: Ball
1-2: Strikes out swinging
Batting: LHB Scott Janousek 0-0: Ball
1-0: Called Strike
Jorge Salgado steals 2nd base
1-1: Swinging Strike
1-2: SINGLE (Groundball, 3D)
Jorge Salgado to third
Runner from 3rd tries for Home, SAFE, no throw
Batting: LHB Raúl Aguirre 0-0: Ball
1-0: Called Strike
1-1: Ball
2-1: Ball
3-1: Foul Ball, location: 2F
3-2: Foul Ball, location: 2F
3-2: Strikes out swinging
Batting: RHB Lorenzo Ramírez 0-0: Fly out, F8 (Flyball, 8RM)
Bottom of the 1st over - 1 run, 1 hit, 0 errors, 1 left on base; Florida 0 - Hialeah 1
TOP OF THE 2ND
Florida Men batting - Pitching for Hialeah Dodos : RHP Stanley Eldrige
Batting: LHB Iemitsu Hatsutori 0-0: Ball
1-0: Foul Ball, location: 2F
1-1: Ball
2-1: Ball
3-1: Foul Ball, location: 2F
3-2: Base on Balls
Batting: LHB Bastyão Lizardo 0-0: Fly out, F8 (Flyball, 8RD)
Batting: RHB Ron Thomas 0-0: Ball
1-0: SINGLE (Line Drive, 78S)
Iemitsu Hatsutori to second
Batting: RHB Israel Sanders 0-0: Ball
1-0: Ball
2-0: Grounds into double play, 6-4-3 (Groundball, 6)
Top of the 2nd over - 0 runs, 1 hit, 0 errors, 1 left on base; Florida 0 - Hialeah 1
BOTTOM OF THE 2ND
Hialeah Dodos batting - Pitching for Florida Men : RHP Arturo Guerrero
Batting: RHB Aurelio Álvarez 0-0: Called Strike
0-1: Fly out, F9 (Flyball, 9LSF)
Batting: RHB Reg Spiers 0-0: Ball
1-0: Called Strike
1-1: Ball
2-1: Foul Ball, location: 2F
2-2: Ball
3-2: Base on Balls
Batting: LHB Errol Levick 0-0: Ball
1-0: Fly out, F5 (Popup, 25F)
Batting: RHB Stephen McManus 0-0: Called Strike
0-1: SINGLE (Line Drive, 4MD)
Reg Spiers to second
Batting: RHB Jorge Salgado 0-0: Called Strike
0-1: Ball
1-1: Ball
2-1: Called Strike
2-2: Ball
3-2: Base on Balls
Reg Spiers to third
Stephen McManus to second
Batting: SHB Javier Gonzáles 0-0: Ball
1-0: Foul Ball, location: 2F
1-1: Ball
2-1: Called Strike
2-2: Strikes out looking
Bottom of the 2nd over - 0 runs, 1 hit, 0 errors, 3 left on base; Florida 0 - Hialeah 1
TOP OF THE 3RD
Florida Men batting - Pitching for Hialeah Dodos : RHP Stanley Eldrige
Batting: RHB Warner Robinson 0-0: Ball
1-0: Foul Ball, location: 2F
1-1: Ball
2-1: Foul Ball, location: 2F
2-2: SINGLE (Groundball, 56D)
Batting: SHB Tim Fowler 0-0: Called Strike
0-1: Ball
1-1: Ball
2-1: Ball
3-1: Foul Ball, location: 2F
3-2: Fielders Choice at 2nd, 3-6 (Groundball, 3)
Batting: RHB Manny Maltby 0-0: Foul Ball, location: 2F
0-1: Ball
1-1: Ball
2-1: Ball
3-1: Base on Balls
Tim Fowler to second
Batting: RHB Pat Ings 0-0: Grounds into double play, 3-6-3 (Groundball, 34)
Top of the 3rd over - 0 runs, 1 hit, 0 errors, 1 left on base; Florida 0 - Hialeah 1
BOTTOM OF THE 3RD
Hialeah Dodos batting - Pitching for Florida Men : RHP Arturo Guerrero
Batting: LHB Scott Janousek 0-0: Ball
1-0: Foul Ball, location: 2F
1-1: Ball
2-1: Called Strike
2-2: Ball
3-2: Base on Balls
Batting: LHB Raúl Aguirre 0-0: Ball
Scott Janousek is caught stealing 2nd base
1-0: Called Strike
1-1: Called Strike
1-2: Ball
2-2: Ball
3-2: Strikes out swinging
Batting: RHB Lorenzo Ramírez 0-0: Called Strike
0-1: Ball
1-1: Foul Ball, location: 2F
1-2: Ball
2-2: SINGLE (Groundball, 4MD)
Batting: RHB Aurelio Álvarez 0-0: Ball
1-0: Called Strike
1-1: Called Strike
1-2: Strikes out swinging
Bottom of the 3rd over - 0 runs, 1 hit, 0 errors, 1 left on base; Florida 0 - Hialeah 1
TOP OF THE 4TH
Florida Men batting - Pitching for Hialeah Dodos : RHP Stanley Eldrige
Batting: SHB Spencer Landes 0-0: Called Strike
0-1: DOUBLE (Flyball, 78XD)
Batting: LHB Iemitsu Hatsutori 0-0: Foul Ball, location: 2F
0-1: Ball
1-1: Swinging Strike
1-2: Strikes out swinging
Batting: LHB Bastyão Lizardo 0-0: Swinging Strike
0-1: Foul Ball, location: 2F
0-2: SINGLE (Groundball, 4MD)
Spencer Landes to third
Runner from 3rd tries for Home, SAFE, no throw
Batting: RHB Ron Thomas 0-0: Fielders Choice at 2nd, 5-4 (Groundball, 56)
Batting: RHB Israel Sanders 0-0: Foul Ball, location: 2F
0-1: Foul Ball, location: 2F
0-2: Strikes out swinging
Top of the 4th over - 1 run, 2 hits, 0 errors, 1 left on base; Florida 1 - Hialeah 1
BOTTOM OF THE 4TH
Hialeah Dodos batting - Pitching for Florida Men : RHP Arturo Guerrero
Batting: RHB Reg Spiers 0-0: Ball
1-0: Ground out 6-3 (Groundball, 6)
Batting: LHB Errol Levick 0-0: Ball
1-0: Fly out, F3 (Line Drive, 3S)
Batting: RHB Stephen McManus 0-0: Foul Ball, location: 2F
0-1: Foul Ball, location: 2F
0-2: Strikes out swinging
Bottom of the 4th over - 0 runs, 0 hits, 0 errors, 0 left on base; Florida 1 - Hialeah 1
TOP OF THE 5TH
Florida Men batting - Pitching for Hialeah Dodos : RHP Stanley Eldrige
Batting: RHB Warner Robinson 0-0: Ball
1-0: Foul Ball, location: 2F
1-1: Swinging Strike
1-2: Strikes out looking
Batting: SHB Tim Fowler 0-0: Called Strike
0-1: Foul Ball, location: 2F
0-2: Ball
1-2: Ball
2-2: Strikes out swinging
Batting: RHB Manny Maltby 0-0: Called Strike
0-1: Ground out 6-3 (Groundball, 6)
Top of the 5th over - 0 runs, 0 hits, 0 errors, 0 left on base; Florida 1 - Hialeah 1
BOTTOM OF THE 5TH
Hialeah Dodos batting - Pitching for Florida Men : RHP Arturo Guerrero
Batting: RHB Jorge Salgado 0-0: Called Strike
0-1: SINGLE (Line Drive, 34)
Batting: SHB Javier Gonzáles 0-0: Bunted foul
0-1: Ball
Jorge Salgado steals 2nd base
1-1: Bunt missed!
1-2: Ball
2-2: Ground out U3 (Groundball, 3)
Jorge Salgado to third
Batting: LHB Scott Janousek 0-0: Ball
1-0: Ball
2-0: Ball
3-0: Base on Balls
Batting: LHB Raúl Aguirre 0-0: Ball
1-0: Ball
2-0: Ball
3-0: Base on Balls
Scott Janousek to second
Batting: RHB Lorenzo Ramírez 0-0: GRAND SLAM HOME RUN (Line Drive, 9D) (Inside the Park)
Batting: RHB Aurelio Álvarez 0-0: Called Strike
0-1: Swinging Strike
0-2: Foul Ball, location: 2F
0-2: Ball
1-2: Ball
2-2: Foul Ball, location: 2F
2-2: Strikes out swinging
Batting: RHB Reg Spiers 0-0: Ground out 6-3 (Groundball, 6)
Bottom of the 5th over - 4 runs, 2 hits, 0 errors, 0 left on base; Florida 1 - Hialeah 5
TOP OF THE 6TH
Florida Men batting - Pitching for Hialeah Dodos : RHP Stanley Eldrige
Batting: RHB Pat Ings 0-0: Ball
1-0: Foul Ball, location: 2F
1-1: SINGLE (Groundball, 6MD)
Batting: SHB Spencer Landes 0-0: Called Strike
0-1: Ball
1-1: Fly out, F8 (Flyball, 8RS)
Batting: LHB Iemitsu Hatsutori 0-0: Ball
1-0: Foul Ball, location: 2F
1-1: Ball
2-1: SINGLE (Groundball, 56D)
Pat Ings to second
Batting: LHB Bastyão Lizardo 0-0: Ball
1-0: Foul Ball, location: 2F
1-1: Swinging Strike
1-2: Strikes out swinging
Batting: RHB Ron Thomas 0-0: Called Strike
0-1: Ball
1-1: Foul Ball, location: 2F
1-2: SINGLE (Groundball, 56D)
Pat Ings to third
Iemitsu Hatsutori to second
Runner from 3rd tries for Home, SAFE, no throw
Batting: RHB Israel Sanders 0-0: Ball
1-0: Called Strike
1-1: SINGLE (Groundball, 6MD)
Iemitsu Hatsutori to third
Ron Thomas to second
Runner from 3rd tries for Home, SAFE, no throw
Batting: RHB Warner Robinson 0-0: Ball
Wild Pitch!
Ron Thomas to third
Israel Sanders to second
1-0: Swinging Strike
1-1: Ball
2-1: Swinging Strike
2-2: Foul Ball, location: 2F
2-2: Strikes out swinging
Top of the 6th over - 2 runs, 4 hits, 0 errors, 2 left on base; Florida 3 - Hialeah 5
BOTTOM OF THE 6TH
Hialeah Dodos batting - Pitching for Florida Men : RHP Arturo Guerrero
Batting: LHB Errol Levick 0-0: Ball
1-0: Swinging Strike
1-1: Swinging Strike
1-2: Foul Ball, location: 2F
1-2: Strikes out swinging
Batting: RHB Stephen McManus 0-0: Ball
1-0: Ball
2-0: Called Strike
2-1: SINGLE (Groundball, 6MD)
Batting: RHB Jorge Salgado 0-0: Fly out, F8 (Flyball, 89XD)
Batting: SHB Javier Gonzáles 0-0: Swinging Strike
0-1: Fly out, F7 (Flyball, 7)
Bottom of the 6th over - 0 runs, 1 hit, 0 errors, 1 left on base; Florida 3 - Hialeah 5
TOP OF THE 7TH
Florida Men batting - Pitching for Hialeah Dodos : RHP Stanley Eldrige
Batting: SHB Tim Fowler 0-0: Ball
1-0: Called Strike
1-1: Swinging Strike
1-2: Ball
2-2: Ball
3-2: Foul Ball, location: 2F
3-2: SINGLE (Line Drive, 9LM)
Batting: RHB Manny Maltby 0-0: SINGLE (Groundball, 6MD)
Tim Fowler to second
Runner from 2nd tries for 3rd, SAFE, no throw
Batting: RHB Pat Ings 0-0: Foul Ball, location: 2F
0-1: Swinging Strike
0-2: Ball
1-2: Foul Ball, location: 2F
1-2: Fly out, F6 (Popup, 6MS)
Batting: SHB Spencer Landes 0-0: Called Strike
0-1: Ball
1-1: Fly out, F7 (Flyball, 7)
Runner from 3rd tags up, SCORES, throw made
Batting: LHB Iemitsu Hatsutori 0-0: Ball
1-0: SINGLE (Groundball, 6MD)
Manny Maltby to second
Throwing error, E8
Manny Maltby scores
Iemitsu Hatsutori to second
Pitching: LHP Travis Grant
Batting: LHB Bastyão Lizardo 0-0: Ground out 6-3 (Groundball, 6)
Top of the 7th over - 2 runs, 3 hits, 1 error, 1 left on base; Florida 5 - Hialeah 5
BOTTOM OF THE 7TH
Hialeah Dodos batting - Pitching for Florida Men : RHP Arturo Guerrero
Batting: LHB Scott Janousek 0-0: Swinging Strike
0-1: Ball
1-1: Ball
2-1: Ball
3-1: Called Strike
3-2: SINGLE (Flyball, 89S)
Batting: LHB Raúl Aguirre 0-0: Ball
1-0: Ball
Scott Janousek steals 2nd base
2-0: Intentional Walk
Pitching: RHP Pat Pérez
Batting: RHB Lorenzo Ramírez 0-0: Ball
1-0: Foul Ball, location: 2F
1-1: DOUBLE (Flyball, 78XD)
Scott Janousek scores
Raúl Aguirre to third
Pinch Hitting: LHB Cole Thrash 0-0: Intentional Walk
Batting: RHB Reg Spiers 0-0: Ball
1-0: Grounds into fielders choice 5-2 (Groundball, 25)
Lorenzo Ramírez to third
Cole Thrash to second
Batting: LHB Errol Levick 0-0: Called Strike
0-1: Foul Ball, location: 2F
0-2: Foul Ball, location: 2F
0-2: Fly out, F9 (Line Drive, 9)
Pinch Hitting: RHB Kumanosuke Asano 0-0: Foul Ball, location: 2F
0-1: Ball
Wild Pitch!
Lorenzo Ramírez scores
Cole Thrash to third
Reg Spiers to second
1-1: Ball
2-1: Ball
3-1: 3-RUN HOME RUN (Flyball, 8RXD), Distance : 437 ft
Batting: RHB Jorge Salgado 0-0: Called Strike
0-1: Ball
1-1: Ground out 5-3 (Groundball, 56S)
Bottom of the 7th over - 5 runs, 3 hits, 0 errors, 0 left on base; Florida 5 - Hialeah 10
TOP OF THE 8TH
Florida Men batting - Pitching for Hialeah Dodos : LHP Travis Grant
Now at 2B: Zander Bailey
Now at 3B: Robert Emmet Odlum
Batting: RHB Ron Thomas 0-0: Called Strike
0-1: Swinging Strike
0-2: Ball
1-2: Ball
2-2: SINGLE (Flyball, 78S)
Batting: RHB Israel Sanders 0-0: Called Strike
0-1: Swinging Strike
0-2: Ball
1-2: Ball
Wild Pitch!
Ron Thomas to second
2-2: Ball
3-2: SINGLE (Line Drive, 6D)
Ron Thomas to third
Batting: RHB Warner Robinson 0-0: Foul Ball, location: 2F
0-1: Ball
1-1: DOUBLE (Flyball, 89D)
Ron Thomas scores
Israel Sanders to third
Runner from 3rd tries for Home, SAFE, no throw
Pitching: RHP Jorge Ballesteros
Batting: SHB Tim Fowler 0-0: Ball
1-0: Called Strike
1-1: Swinging Strike
1-2: Strikes out swinging
Batting: RHB Manny Maltby 0-0: Called Strike
0-1: Called Strike
0-2: Foul Ball, location: 2F
0-2: Ground out 6-3 (Groundball, 6)
Batting: RHB Pat Ings 0-0: Ball
1-0: Called Strike
1-1: Swinging Strike
1-2: Strikes out swinging
Top of the 8th over - 2 runs, 3 hits, 0 errors, 1 left on base; Florida 7 - Hialeah 10
BOTTOM OF THE 8TH
Hialeah Dodos batting - Pitching for Florida Men : RHP Pat Pérez
Pitching: RHP Elmer García
Batting: SHB Javier Gonzáles 0-0: Ball
1-0: Foul Ball, location: 2F
1-1: Ball
2-1: Ground out 6-3 (Groundball, 56)
Batting: LHB Scott Janousek 0-0: Ball
1-0: Ball
2-0: Ground out 1-3 (Groundball, 13)
Batting: LHB Raúl Aguirre 0-0: Foul Ball, location: 2F
0-1: Swinging Strike
0-2: Ball
1-2: Ball
2-2: Ball
3-2: Base on Balls
Batting: RHB Lorenzo Ramírez 0-0: Called Strike
0-1: Called Strike
0-2: Strikes out swinging
Bottom of the 8th over - 0 runs, 0 hits, 0 errors, 1 left on base; Florida 7 - Hialeah 10
TOP OF THE 9TH
Florida Men batting - Pitching for Hialeah Dodos : RHP Jorge Ballesteros
Pitching: RHP Ralph Haggerty
Batting: SHB Spencer Landes 0-0: Called Strike
0-1: SOLO HOME RUN (Flyball, 9LD), Distance : 362 ft
Batting: LHB Iemitsu Hatsutori 0-0: Ball
1-0: Called Strike
1-1: Called Strike
1-2: Strikes out swinging
Batting: LHB Bastyão Lizardo 0-0: Ground out 6-3 (Groundball, 6)
Batting: RHB Ron Thomas 0-0: Ball
1-0: Ball
2-0: Ball
3-0: Called Strike
3-1: Foul Ball, location: 2F
3-2: Base on Balls
Batting: RHB Israel Sanders 0-0: Ball
1-0: Ball
2-0: Fly out, F7 (Flyball, 78M)
Top of the 9th over - 1 run, 1 hit, 0 errors, 1 left on base; Florida 8 - Hialeah 10
Tuesday, December 19th, 2017 - OOTP Baseball 18.8 Build 76